 Dungeon Crawl Stone Soup version 0.23-a0-899-gbbae0a3 (webtiles) character file.

Game seed: 1554699484153998690

210 nikopol the Firebug (level 5, 0/28 HPs)
             Began as a Deep Elf Fire Elementalist on Jan 29, 2019.
             Slain by a hound (2 damage)
             ... on level 3 of the Dungeon.
             The game lasted 00:07:51 (2394 turns).

nikopol the Firebug (Deep Elf Fire Elementalist)    Turns: 2394, Time: 00:07:51

Health: 0/28       AC:  2    Str:  5    XL:     5   Next: 56%
Magic:  19/23      EV: 13    Int: 21    God:
Gold:   275        SH:  0    Dex: 15    Spells: 3/13 levels left

rFire    . . .     SeeInvis .   h - +2 dagger (freeze)
rCold    . . .     Gourm    .   (no shield)
rNeg     . . .     Faith    .   i - +0 robe (curse)
rPois    .         Spirit   .   (no helmet)
rElec    .         Reflect  .   (no cloak)
rCorr    .         Harm     .   (no gloves)
MR       .....     Rnd*Tele +   (no boots)
Stlth    ++........             (no amulet)
HPRegen  0.09/turn              e - ring of magical power
MPRegen  0.18/turn              m - ring of teleportation (curse)

@: no status effects
A: no striking features
a: no special abilities


You were on level 3 of the Dungeon.
You were not hungry.

You visited 1 branch of the dungeon, and saw 4 of its levels.

You collected 275 gold pieces.

Inventory:

Hand Weapons
 g - a +3 dagger
 h - a +2 dagger of freezing (weapon)
Armour
 a - a +0 robe
 i - a cursed +0 robe (worn)
 s - the cursed +1 ring mail of Ejom {rC+ rCorr Dex+3 Slay+2, unknown}
   (You found it on level 4 of the Dungeon)

   It affects your dexterity (+3).
   It affects your accuracy and damage with ranged weapons and melee attacks
   (+2).
   It protects you from cold.
   It provides partial protection from all sources of acid and corrosion.
   It has a curse placed upon it.
Jewellery
 b - a +3 ring of slaying
 e - a ring of magical power (left hand)
 j - an uncursed amulet of magic regeneration {unknown}
 m - a cursed ring of teleportation (right hand)
Scrolls
 d - a scroll of amnesia
 f - 4 scrolls of identify
Potions
 k - a potion of flight
 l - a potion of curing
 n - a potion of agility {unknown}
 o - a potion of berserk rage {unknown}
 p - a potion of cancellation {unknown}
 q - a potion of brilliance {unknown}
Comestibles
 c - 5 rations


   Skills:
 + Level 0.2 Fighting
 + Level 2.7 Dodging
 + Level 3.2 Stealth
 + Level 4.7 Spellcasting
 + Level 2.9 Conjurations
 + Level 5.0 Fire Magic


You had 3 spell levels left.
You knew the following spells:

 Your Spells              Type           Power        Failure   Level  Hunger
a - Flame Tongue          Conj/Fire      ###..        2%          1    None
b - Throw Flame           Conj/Fire      ###...       3%          2    None
c - Conjure Flame         Conj/Fire      ###.....     6%          3    ##.....
d - Sticky Flame          Conj/Fire      ###.....     22%         4    ####...

Your spell library contained the following spells:

 Spells                   Type           Power        Failure   Level  Hunger
 Inner Flame              Hex/Fire       ###.....     12%         3    ##.....
 Fireball                 Conj/Fire      ###.......   52%         5    #####..


Dungeon Overview and Level Annotations

Branches:
Dungeon (4/15)
 Temple: D:4-7

Altars:
Dithmenos

Annotations:
D:4 Ijyb


Message History

The jackal skeleton closely misses you. The hound bites you.
The bullfrog skeleton hits you.
You climb upwards.
There is a stone staircase leading down here.
The hound bites you. The hound bites you.
* * * LOW HITPOINT WARNING * * *
The hound bites you.
* * * LOW HITPOINT WARNING * * *
Casting: Flame Tongue (safe; 2% risk of failure)
Confirm with . or Enter, or press ? or * to list all spells.
Aiming: Sticky Flame (slightly dangerous; 22% risk of failure)
Press: ? - help, Shift-Dir - straight line, f - hound
Aim: a hound (lightly wounded)
The sticky flame hits the hound.
The hound is moderately wounded.
The hound is covered in liquid flames!
The hound burns!
The hound bites you.
* * * LOW HITPOINT WARNING * * *
The hound bites you.
You die...

#.###.##..........# ##
#..##.##..).[.....# ####
##.##..#..........###...
#.###.##.........##..##
#.# #.##.........##.##.
#.# #..#.........##.##.
#.# ##.#......<..(.....
#.# #.#..........#.###
#.# #@#..........#.#
#.####h#.........>..#
#.#........#.....####
#.#......>.....###
#)#...........##
#.#........#..#
#.#........#..#
#.#........##.#
#.#........##.#


You could see a hound (burning).

Vanquished Creatures
  A scorpion (D:4)
  A bullfrog skeleton (D:3)
  A worker ant (D:3)
  2 adders
  An ooze (D:3)
  3 worms
  2 dart slugs
  A leopard gecko (D:2)
  2 orcs
  10 bats
  2 giant cockroaches
  7 goblins
  8 hobgoblins
  4 jackals (D:4)
  2 quokkas (D:2)
  6 frilled lizards
  11 kobolds
  10 rats
74 creatures vanquished.

Notes
Turn   | Place    | Note
-------+----------+-------------------------------------------
     0 | D:1      | nikopol the Deep Elf Fire Elementalist began the quest for
                  | the Orb.
     0 | D:1      | Reached XP level 1. HP: 10/10 MP: 6/6
    81 | D:1      | Reached XP level 2. HP: 9/15 MP: 4/8
   337 | D:1      | Reached skill level 4 in Fire Magic
   691 | D:2      | Reached XP level 3. HP: 19/19 MP: 7/9
  1388 | D:3      | Reached XP level 4. HP: 11/24 MP: 0/12
  1473 | D:2      | Learned a level 2 spell: Throw Flame
  1477 | D:2      | Learned a level 3 spell: Conjure Flame
  1482 | D:2      | Learned a level 4 spell: Sticky Flame
  1852 | D:3      | Found a shadowy altar of Dithmenos.
  2045 | D:4      | Reached XP level 5. HP: 25/28 MP: 13/13
  2204 | D:4      | Got an obsidian-encrusted ring mail
  2206 | D:4      | Noticed Ijyb
  2215 | D:3      | Reached skill level 5 in Fire Magic
  2394 | D:3      | Slain by a hound

Vault maps used:
D:1:      minmay_arrival_nine_rooms
D:2:      first_ration
D:3:      nicolae_dithmenos_through_a_glass_darkly
D:4:      gammafunk_temple_overflow_wave, uniq_ijyb

Skill      XL: |  1  2  3  4  5 |
---------------+----------------+-----
Fire Magic     | 4 5 |  5.0
Stealth        | 3 |  3.2
Spellcasting   | 4 |  4.7
Conjurations   | 2 |  2.9
Fighting       | |  0.2
Dodging        | |  2.7

Action                   |  1- 3 |  4- 6 || total
-------------------------+-------+-------++-------
Melee: Dagger            |     1 |       ||     1
 Cast: Flame Tongue      |    83 |    49 ||   132
       Sticky Flame      |       |     1 ||     1
  Use: Scroll            |     4 |     1 ||     5
  Eat: Ration            |       |     1 ||     1
       Chunk             |       |     1 ||     1
Armor: Robe              |     4 |     1 ||     5
Dodge: Dodged            |    17 |    13 ||    30

Table legend:
 A = Non-vault XP
 B = Vault XP
 C = Vault XP percentage of total XP
 D = Non-vault monster count
 E = Vault monster count
 F = Vault count percentage of total count
                 A         B        C        D         E       F
            +---------+---------+-------+---------+---------+-------
      Total |     300 |       0 |   0.0 |      74 |       0 |   0.0
            +---------+---------+-------+---------+---------+-------
        D:1 |      39 |       0 |   0.0 |      24 |       0 |   0.0
        D:2 |      35 |       0 |   0.0 |      18 |       0 |   0.0
        D:3 |     124 |       0 |   0.0 |      21 |       0 |   0.0
        D:4 |     102 |       0 |   0.0 |      11 |       0 |   0.0
            +---------+---------+-------+---------+---------+-------
